 Dungeon Crawl Stone Soup version 0.28.0-53-g5a82cb258f (webtiles) character file.

Game seed: 13767863024104359989

59777 Kaptain the Earth Mage (level 14, -9/94 HPs)
             Began as a Gargoyle Earth Elementalist on July 18, 2022.
             Mangled by an orc knight
             ... wielding a +0 great sword
              (36 damage)
             ... on level 1 of the Orcish Mines.
             The game lasted 00:49:43 (28633 turns).

Kaptain the Earth Mage (GrEE)                      Turns: 28633, Time: 00:49:43

Health: -9/94      AC: 28    Str: 12    XL:     14   Next: 96%
Magic:  29/29      EV: 11    Int: 27    God:
Gold:   1667       SH:  0    Dex:  7    Spells: 14/36 levels left

rFire   + . .      SeeInvis +   D - +3 trident (venom)
rCold   . . .      Faith    .   (no shield)
rNeg    + . .      Spirit   .   A - +0 steam dragon scales
rPois   ∞          Reflect  .   t - +3 helmet of the Valley of Death {rCorr Str-4 SInv}
rElec   +          Harm     .   u - +0 cloak
rCorr   +          Rampage  .   d - +2 pair of gloves of the Equator {rF+ Str+4 Dex-3}
Will    +....                   T - +0 pair of boots
Stlth   ++........              g - amulet of magic regeneration
HPRegen 0.25/turn               m - +6 ring of intelligence
MPRegen 0.61/turn               J - ring of resist corrosion

@: flying
A: sickness immunity, AC +10, big wings, negative energy resistance 1,
electricity resistance, torment resistance 1, petrification resistance
a: no special abilities


You were on level 1 of the Orcish Mines.
You visited 3 branches of the dungeon, and saw 19 of its levels.
You also visited: Ossuary and Gauntlet.

You collected 1667 gold pieces.

Inventory:

Hand Weapons
 e - a +2 flail of protection
 z - the +10 zealot's sword {holy, *Rage rN+ EV+3}
   (You took it off a minotaur in a Gauntlet)

   It has been blessed by the Shining One to cause great damage to the undead
   and demons.
   Whenever the wielder enters a berserk rage, their allies are berserked
   alongside them.
   EV:        It affects your evasion (+3).
   rN:        It protects you from negative energy.
   *Rage:     It berserks you when you make melee attacks (+20% chance).
 C - a +3 morningstar of freezing
 D - a +3 trident of venom (weapon)
Missiles
 H - 398 stones
Armour
 d - the +2 pair of gloves of the Equator (worn) {rF+ Str+4 Dex-3}
   (You found it in a Gauntlet)

   Str:       It affects your strength (+4).
   Dex:       It affects your dexterity (-3).
   rF:        It protects you from fire.
 t - the +3 helmet of the Valley of Death (worn) {rCorr Str-4 SInv}
   (You found it on level 1 of the Lair of Beasts)

   Str:       It affects your strength (-4).
   SInv:      It lets you see invisible.
   rCorr:     It protects you from acid and corrosion.
 u - a +0 cloak (worn)
 A - +0 steam dragon scales (worn)
 F - a +2 robe of cold resistance
 K - a +2 scale mail of fire resistance
 T - a +0 pair of boots (worn)
Magical Staves
 c - a staff of earth
 r - a staff of cold
 x - a staff of conjuration
Jewellery
 a - a ring of protection from fire
 g - an amulet of magic regeneration (around neck)
 k - a ring of protection from fire
 m - a +6 ring of intelligence (left hand)
 p - a ring of fire
 y - an amulet of the acrobat
 I - a ring of protection from fire
 J - a ring of resist corrosion (right hand)
 Q - a ring of fire
 X - an amulet of regeneration
 Z - a +4 ring of protection
Wands
 i - a wand of flame (39)
 v - a wand of acid (14)
 L - a wand of digging (3)
 N - a wand of iceblast (17)
 R - a wand of paralysis (11)
 U - a wand of polymorph (7)
Scrolls
 f - a scroll of fear
 l - 10 scrolls of teleportation
 n - 3 scrolls of enchant weapon
 w - 4 scrolls of enchant armour
 B - a scroll of identify
 G - 2 scrolls of immolation
 M - 4 scrolls of fog
 O - a scroll of holy word
 P - 2 scrolls of torment {unknown}
 S - 3 scrolls of amnesia
 V - 3 scrolls of blinking
Potions
 b - a potion of curing
 h - 2 potions of magic
 j - 4 potions of berserk rage
 o - 5 potions of flight
 q - 2 potions of cancellation
 s - 5 potions of mutation
 E - a potion of ambrosia
 Y - a potion of brilliance {unknown}
Miscellaneous
 W - a lightning rod (4/4)


   Skills:
 * Level 13.3 Fighting
 + Level 9.5 Armour
 - Level 1.5 Dodging
 - Level 4.0 Stealth
 * Level 11.5 Spellcasting
 * Level 13.3 Conjurations
 - Level 0.7 Transmutations
 * Level 15.0 Earth Magic


You had 14 spell levels left.
You knew the following spells:

 Your Spells              Type           Power      Damage    Failure   Level
a - Sandblast             Erth           100%       2d20      0%          1
b - Stone Arrow           Conj/Erth      100%       3d13      1%          3
c - Sticky Flame          Conj/Fire      51%        2d7       2%          4
d - Iskenderun's Battles  Conj           73%        2d12      1%          5
e - Orb of Destruction    Conj           36%        9d11      13%         7
f - Blink                 Tloc           30%        N/A       5%          2

Your spell library contained the following spells:

 Spells                   Type           Power      Damage    Failure   Level
 Passwall                 Tmut/Erth      45%        N/A       1%          2
 Static Discharge         Conj/Air       51%        N/A       1%          2
 Leda's Liquefaction      Hex/Erth       27%        N/A       1%          4
 Petrify                  Tmut/Erth      55%        N/A       1%          4
 Beastly Appendage        Tmut           38%        N/A       2%          1
 Apportation              Tloc           30%        N/A       3%          1
 Slow                     Hex            60%        N/A       3%          1
 Summon Small Mammal      Summ           60%        N/A       3%          1
 Corpse Rot               Necr/Air       30%        N/A       5%          2
 Poisonous Vapours        Pois/Air       30%        N/A       5%          2
 Irradiate                Conj/Tmut      26%        3d22      5%          5
 Lightning Bolt           Conj/Air       25%        1d41      6%          5
 Call Canine Familiar     Summ           15%        N/A       11%         3
 Confusing Touch          Hex            15%        N/A       11%         3
 Gell's Gravitas          Tloc           15%        N/A       11%         3
 Inner Flame              Hex/Fire       15%        N/A       11%         3
 Portal Projectile        Hex/Tloc       30%        N/A       11%         3
 Summon Guardian Golem    Hex/Summ       15%        N/A       11%         3
 Teleport Other           Tloc           15%        N/A       11%         3
 Tukima's Dance           Hex            15%        N/A       11%         3
 Vampiric Draining        Necr           15%        2d7       11%         3
 Airstrike                Air            7%         N/A       36%         4
 Dispel Undead            Necr           15%        3d10      36%         4
 Passage of Golubria      Tloc           15%        N/A       36%         4
 Summon Lightning Spire   Summ/Air       15%        N/A       36%         4
 Lehudib's Crystal Spear  Conj/Erth      37%        10d9      56%         8
 Alistair's Intoxication  Tmut/Pois      11%        N/A       65%         5
 Yara's Violent Unravell  Hex/Tmut       8%         3d5       65%         5
 Silence                  Hex/Air        7%         N/A       71%         5
 Dispersal                Tloc           7%         N/A       99%         6
 Sublimation of Blood     Necr           Unusable   N/A       N/A         2

Dungeon Overview and Level Annotations

Branches:
Dungeon (11/15)            Temple (0/1) D:6            Lair (6/6) D:9
 Shoals (0/4) Lair:2        Snake (0/4) Lair:2        Slime (0/5) Lair:6
    Orc (2/2) D:11        Ossuary (visited)         Gauntlet (visited)
    Elf: Orc:2

Altars:
Gozag
Qazlal
Ru
Vehumet
Xom
Zin
Beogh

Shops:
D:10 :

Annotations:
Lair:2 3 runed translucent doors, crawlogic's ghost, journeyman TeBe
Lair:6 Rupert


Innate Abilities, Weirdness & Mutations

You are immune to sickness and miasma.
Your stone body is resilient. (AC +10)
You are immune to poison.
Your large and strong wings let you fly.
You resist negative energy. (rN+)
You are resistant to electric shocks. (rElec)
You are resistant to unholy torment.
You are immune to petrification.


Message History

Aiming: Stone Arrow (safe; 1% risk of failure)
Press: ? - help, Shift-Dir - straight line, f/p - orc knight
Aim: an orc knight, wielding a +2 great mace of protection and wearing a +0 plate armour (severely wounded, 78% to hit)
The stone arrow hits the orc knight!!
You kill the orc knight!
Things that are here:
a +2 great mace of protection; a +0 plate armour; an orc corpse You start resting.
Magic restored.
You start resting.
HP restored.
Unknown command.
There is a stone staircase leading down here.
You fly downwards.
The orc priest shouts!
The orc knight roars a battlecry!
The orcs go into a battle-frenzy!
The ogre mage mumbles some strange words.
The ogre mage flickers and vanishes for a moment.
The orc knight hits you with a +0 great sword!!
The orc knight hits you with a +1 long sword!!
The orc hits you but does no damage.
The orc knight hits you with a +0 battleaxe!
* * * LOW HITPOINT WARNING * * *
An orc priest comes into view. It is wielding a +0 whip.
The ogre mage gestures at something while chanting.
You hear a shout!
There is a stone staircase leading up here.
The orc knight roars a battlecry!
The orcs go into a battle-frenzy!
The orc unwields a +0 arbalest.
The orc wields a +0 mace.
The orc misses you. x2
The orc knight hits you but does no damage.
The two-headed ogre hits you with a +0 giant club.
* * * LOW HITPOINT WARNING * * *
The two-headed ogre hits you but does no damage.
You hear a shout!
You hear two shouts!
You fly upwards.
There is a stone staircase leading down here.
The orc knight hits you with a +0 great sword!!!
You die...

#...........####
##..........#..###
##.#.......#.....##
#...........#.....##
##.#.............#.##
#####...................#
##..##..............[...##
#.............Ooo..##)######
..............[>@..[##)###.##
..............ooo#..))..#...#
.......#..........)..#.###.##
...##...##..........######.##
................#...#####...#
#..........#................##
)..#.........................#
...#......................#.##
......#....###)........#.####


You could see 3 orc knights, a two-headed ogre and 2 orcs.

Vanquished Creatures
  Jorgrun (Orc:1)
  Gastronok (D:8)
  The ghost of Doot the Pure, a journeyman DsAK of Lugonu (D:11)
  A minotaur (Gauntlet)
  Snorg (D:11)
  Josephine (D:11)
  2 hydras
  2 catoblepae (Lair:6)
  2 death yaks
  11 two-headed ogres
  The ghost of kalagan the Thaumaturge, a novice DECj of Sif Muna (Lair:1)
  A death drake (Gauntlet)
  2 orc knights (Orc:1)
  Pikel (D:4)
  A manticore (D:10)
  6 elephants
  An orc sorcerer (Orc:1)
  A cyclops (D:10)
  5 oklob plants
  Joseph (D:9)
  4 black mambas
  12 cane toads
  6 komodo dragons
  3 torpor snails
  3 rime drakes
  A troll (Orc:1)
  4 polar bears
  13 dream sheep
  16 blink frogs
  3 shadows
  2 wyverns (Lair:4)
  A vampire (D:10)
  5 wraiths
  49 yaks
  A centaur simulacrum (D:11)
  2 basilisks
  A steam dragon (D:9)
  Menkaure (D:4)
  4 vampire mosquitoes
  5 wargs
  4 nagas (Lair:2)
  3 acid dragons
  5 water moccasins
  3 black bears
  6 ice beasts
  10 orc warriors
  A sky beast (D:5)
  2 necrophages
  16 wolves
  3 centaurs
  10 ogres
  2 phantoms
  3 lemures (D:4)
  3 kobold brigands
  2 elf zombies (Ossuary)
  11 bullfrogs
  Blork the orc (D:6)
  A wyvern zombie (D:7)
  3 scorpions
  2 water moccasin zombies (D:6)
  2 water moccasin skeletons
  6 killer bees (D:10)
  10 wights
  4 howler monkeys (D:10)
  2 electric eels (Lair:1)
  A bullfrog zombie (D:7)
  11 centaur zombies
  Crazy Yiuf (D:3)
  2 hounds
  2 human zombies (Ossuary)
  5 orc priests
  A bullfrog skeleton (D:5)
  2 centaur skeletons
  4 jellies
  A gnoll shaman (D:5)
  3 iguanas
  7 orc wizards
  A killer bee zombie (D:8)
  2 hound zombies (Ossuary)
  3 mummies (Ossuary)
  2 howler monkey zombies
  A howler monkey skeleton (D:7)
  9 gnolls
  2 adders
  A shadow imp (D:8)
  4 white imps
  3 ufetubi
  6 adder zombies (Ossuary)
  An adder skeleton (D:2)
  2 dart slugs
  42 orcs
  7 bats
  9 endoplasms
  4 giant cockroaches
  2 gnoll zombies (Ossuary)
  6 goblins
  9 hobgoblins
  21 kobolds
  4 quokkas
  9 ball pythons
  6 goblin zombies (Ossuary)
  4 hobgoblin zombies (Ossuary)
  2 jackal zombies (Ossuary)
  5 kobold zombies (Ossuary)
  An orc zombie (Ossuary)
  A quokka skeleton (D:4)
  4 quokka zombies (Ossuary)
  2 rats
509 creatures vanquished.

Vanquished Creatures (others)
  An ogre (Orc:2)
  An orc (Orc:2)
  44 fungi
  72 plants
  4 withered plants (Gauntlet)
122 creatures vanquished.

Grand Total: 631 creatures vanquished

Notes
Turn   | Place    | Note
-------+----------+-------------------------------------------
     0 | D:1      | Kaptain the Gargoyle Earth Elementalist began the quest for
                  | the Orb.
     0 | D:1      | Reached XP level 1. HP: 10/10 MP: 3/3
   107 | D:1      | Reached XP level 2. HP: 13/16 MP: 3/5
   450 | D:1      | Reached skill level 1 in Conjurations
   703 | D:1      | Reached XP level 3. HP: 20/20 MP: 4/6
   868 | D:2      | Reached skill level 1 in Fighting
  1015 | D:2      | Reached skill level 4 in Earth Magic
  1541 | D:2      | Noticed a necrophage
  1547 | D:2      | Killed a necrophage
  1548 | D:2      | Reached skill level 1 in Armour
  1548 | D:2      | Reached XP level 4. HP: 26/26 MP: 2/8
  1548 | D:2      | Reached XP level 5. HP: 30/30 MP: 2/9
  1552 | D:2      | Learned a level 3 spell: Stone Arrow
  2403 | D:3      | Identified the +0 ring mail of the Orb {rElec rC+}
  2913 | D:3      | Reached XP level 6. HP: 34/36 MP: 0/10
  3228 | D:3      | Found a runed translucent door.
  3229 | D:3      | Noticed Crazy Yiuf
  3235 | D:3      | Killed Crazy Yiuf
  3533 | D:4      | Reached skill level 5 in Earth Magic
  3857 | D:4      | Reached XP level 7. HP: 28/41 MP: 9/12
  4149 | D:4      | Noticed Pikel
  4668 | D:4      | Noticed Menkaure
  4673 | D:4      | Killed Menkaure
  4674 | D:4      | Reached XP level 8. HP: 48/48 MP: 7/14
  4758 | D:4      | Killed Pikel
  4759 | D:4      | Reached skill level 6 in Earth Magic
  5078 | D:5      | Entered Level 5 of the Dungeon
  5112 | D:5      | Found a shimmering altar of Xom.
  5389 | D:5      | Reached skill level 5 in Conjurations
  5395 | D:5      | Reached skill level 5 in Fighting
  5430 | D:5      | Reached skill level 5 in Spellcasting
  5531 | D:5      | Reached skill level 7 in Earth Magic
  5533 | D:5      | Reached XP level 9. HP: 54/54 MP: 11/16
  5586 | D:5      | Found a sand-covered staircase.
  5595 | Ossuary  | Entered an ossuary
  7261 | D:5      | Reached skill level 8 in Earth Magic
  8098 | D:6      | Reached XP level 10. HP: 49/61 MP: 5/19
  8664 | D:6      | Found a stormy altar of Qazlal.
  8671 | D:6      | Noticed Blork the orc
  8677 | D:6      | Killed Blork the orc
  8778 | D:6      | Found a staircase to the Ecumenical Temple.
  8913 | D:6      | Found a radiant altar of Vehumet.
  9402 | D:7      | Reached skill level 9 in Earth Magic
  9540 | D:7      | Reached skill level 5 in Armour
  9859 | D:7      | Found a glowing silver altar of Zin.
 10265 | D:7      | Found an opulent altar of Gozag.
 10548 | D:8      | Noticed Gastronok
 10558 | D:8      | Killed Gastronok
 10820 | D:8      | Reached XP level 11. HP: 68/68 MP: 11/21
 10823 | D:8      | Reached skill level 10 in Earth Magic
 11573 | D:9      | Noticed a two-headed ogre
 11602 | D:9      | Killed a two-headed ogre
 11753 | D:9      | Found a staircase to the Lair.
 12030 | D:9      | Noticed Joseph
 12034 | D:9      | Killed Joseph
 12614 | Lair:1   | Entered Level 1 of the Lair of Beasts
 12998 | Lair:1   | Identified the +3 helmet of the Valley of Death {rCorr
                  | Str-4 SInv}
 13078 | Lair:1   | Reached skill level 11 in Earth Magic
 13236 | Lair:1   | Noticed a seven-headed hydra
 13246 | Lair:1   | Killed a seven-headed hydra
 13447 | Lair:1   | Found a runed translucent door.
 13803 | Lair:1   | Reached XP level 12. HP: 76/76 MP: 17/24
 13844 | Lair:1   | Noticed kalagan's ghost (novice DECj)
 13853 | Lair:1   | Killed kalagan's ghost
 14346 | Lair:2   | Found a staircase to the Snake Pit.
 14573 | Lair:2   | Reached skill level 10 in Conjurations
 14715 | Lair:2   | Found a staircase to the Shoals.
 14801 | Lair:2   | Reached skill level 10 in Fighting
 15041 | Lair:2   | Noticed a ten-headed hydra
 15042 | Lair:2   | Found a runed translucent gate.
 15042 | Lair:2   | Noticed crawlogic's ghost (journeyman TeBe)
 15042 | Lair:2   | Noticed a ten-headed hydra
 15043 | Lair:2   | Found a runed translucent gate.
 15044 | Lair:2   | Found a runed translucent gate.
 16692 | Lair:4   | Reached skill level 12 in Earth Magic
 17560 | Lair:4   | Learned a level 4 spell: Sticky Flame
 18397 | Lair:4   | Reached XP level 13. HP: 67/84 MP: 5/26
 19138 | Lair:4   | Reached skill level 13 in Earth Magic
 19749 | Lair:6   | Entered Level 6 of the Lair of Beasts
 19775 | Lair:6   | Found a gate leading to a gauntlet.
 19786 | Gauntlet | Entered a Gauntlet
 19786 | Gauntlet | Found a transporter.
 19828 | Gauntlet | Found a transporter.
 19830 | Gauntlet | Found a transporter.
 19841 | Gauntlet | Found a transporter.
 19844 | Gauntlet | Found a transporter.
 19853 | Gauntlet | Found a transporter.
 19872 | Gauntlet | Found a transporter.
 19880 | Gauntlet | Found a transporter.
 19890 | Gauntlet | Found a transporter.
 19907 | Gauntlet | Found a transporter.
 19917 | Gauntlet | Found a runed translucent door.
 19919 | Gauntlet | Found a transporter.
 19919 | Gauntlet | Found a transporter.
 19921 | Gauntlet | Found a runed translucent door.
 19962 | Gauntlet | Found a transporter.
 19984 | Gauntlet | Found a transporter.
 20264 | Gauntlet | Reached skill level 10 in Spellcasting
 20554 | Gauntlet | Identified the +2 pair of gloves of the Equator {rF+ Str+4
                  | Dex-3}
 20707 | Gauntlet | Noticed a minotaur
 20713 | Gauntlet | Killed a minotaur
 20786 | Gauntlet | Got Rurph's Guide on the Unstable Oath
 20786 | Gauntlet | Got Sif Muna's Reference Book on Moulding and Attacks
 20793 | Gauntlet | Learned a level 5 spell: Iskenderun's Battlesphere
 20801 | Gauntlet | Learned a level 7 spell: Orb of Destruction
 20804 | Gauntlet | Learned a level 2 spell: Blink
 22404 | Lair:6   | Noticed Rupert
 22434 | Lair:5   | Gained mutation: Your large and strong wings let you fly.
                  | [Gargoyle growth]
 22434 | Lair:5   | Reached XP level 14. HP: 78/92 MP: 19/28
 22631 | Lair:6   | Reached skill level 14 in Earth Magic
 22899 | Lair:6   | Paralysed by Rupert for 4 turns
 23049 | D:10     | Entered Level 10 of the Dungeon
 24094 | D:10     | Found Losuul's Book Emporium.
 24154 | D:10     | Found a sacrificial altar of Ru.
 24316 | D:11     | Found a runed translucent gate.
 24316 | D:11     | Found a runed translucent gate.
 24316 | D:11     | Found a runed translucent gate.
 24355 | D:11     | Noticed Doot's ghost (journeyman DsAK)
 24405 | D:11     | Found a staircase to the Orcish Mines.
 24958 | D:11     | Noticed Snorg
 24967 | D:11     | Killed Snorg
 25297 | D:11     | Identified the +5 quarterstaff "Pairph" {elec, rPois}
 25558 | D:11     | Killed Doot's ghost
 25944 | Orc:1    | Entered Level 1 of the Orcish Mines
 25944 | Orc:1    | Noticed Josephine
 25951 | D:11     | Killed Josephine
 26218 | Orc:2    | Entered Level 2 of the Orcish Mines
 27157 | Orc:1    | Noticed Jorgrun
 27243 | Orc:1    | Killed Jorgrun
 27887 | Orc:1    | Reached skill level 15 in Earth Magic
 28633 | Orc:1    | Mangled by an orc knight

Illustrated notes

Levels and vault maps discovered:
D:1:      wander_arrival_lonely_grave, layout_loops_ring
D:2:      layout_basic, serial_glass, glass_columns_c, glass_columns_a,
          glass_columns_b, columned_hall_lemuel
D:3:      layout_basic, corexii_leaking_fountain, uniq_crazy_yiuf_cottage
D:4:      layout_basic, uniq_menkaure, uniq_pikel
D:5:      kennysheep_spiral_hall, layout_loops_corners,
          mainiacjoe_overflow_small_starburst, nicolae_ossuary_entry_ruins
D:6:      layout_cave_pools, mainiacjoe_overflow_concentric_impassable,
          mainiacjoe_overflow_paths, minmay_temple_entry_nine_rooms,
          uniq_blork_the_orc
D:7:      layout_basic, pdpol_temple_overflow_zin_treasury_gozag_greed
D:8:      layout_gridville, st_stairs_1, uniq_gastronok
D:9:      layout_irregular_city, nicolae_overflow_hidden_temple,
          due_lair_maze_entry_diamond, uniq_joseph
D:10:     cheibrodos_barr_body, layout_long_grid,
          nicolae_ru_the_path_less_chosen, serial_shops,
          nicolae_shop_hallway_stairs
D:11:     layout_loops_corners, david_orc_3, gammafunk_ghost_icy, uniq_snorg
Lair:1:   layout_regular_city, gammafunk_ghost_grave,
          nicolae_quartered_pool_little, grunt_megastairs_2,
          serial_bayou_shore_a
Lair:2:   layout_cave_pods, elwin_shoals_entry_rocks,
          minmay_snake_entry_guardpost_small, gammafunk_ghost_hydra_chop
Lair:3:   layout_cave_pods
Lair:4:   minmay_lair_oklob_tunnel, layout_loops_ring, fungi_pond_lemuel,
          lemuel_fruit_tree, grunt_megastairs_5
Lair:5:   layout_cave_shapes
Lair:6:   evilmike_catoblepas_cave, layout_regular_city,
          dpeg_slime_entry_corner, gauntlet_entry_generic,
          small_statue_intersection, minivault_24, uniq_rupert
Orc:1:    layout_caves, basic_altar, uniq_jorgrun, uniq_josephine, uniq_erolcha
Orc:2:    st_orc_ogre_mass, layout_caves, guppyfry_orc_lava_fort

Skill      XL: |  1  2  3  4  5  6  7  8  9 10 11 12 13 14 |
---------------+-------------------------------------------+-----
Conjurations   | 1 2 3 5 6 8 9 11 12 13 | 13.3
Fighting       | 1 2 3 5 6 8 9 10 12 13 | 13.3
Earth Magic    | 4 5 7 8 9 11 12 13 15 | 15.0
Armour         | 1 2 3 4 5 6 7 8 9 |  9.5
Stealth        | 3 4 |  4.0
Spellcasting   | 3 4 5 6 7 8 9 10 11 | 11.5
Dodging        | |  1.5
Transmutations | |  0.7

Action                   |  1- 3 |  4- 6 |  7- 9 | 10-12 | 13-15 || total
-------------------------+-------+-------+-------+-------+-------++-------
Melee: Dagger            |    40 |    33 |   146 |       |       ||   219
       Punch             |     1 |       |     3 |     1 |     5 ||    10
       Morningstar       |       |       |     1 |       |       ||     1
       Trident           |       |       |       |    68 |   143 ||   211
 Cast: Sandblast         |    28 |    24 |    62 |    75 |   101 ||   290
       Stone Arrow       |       |     9 |    85 |   244 |   419 ||   757
  Use: Scroll            |       |       |     7 |     9 |    14 ||    30
       Potion            |       |       |       |     3 |     6 ||     9
 Stab: Sleeping          |     5 |     4 |     2 |       |       ||    11
Armor: Robe              |     8 |       |       |       |       ||     8
       Leather armour    |    15 |    13 |    99 |    27 |       ||   154
       Steam dragon scal |       |       |       |    87 |   459 ||   546
Dodge: Dodged            |    25 |    13 |   119 |   129 |   408 ||   694
